 Dungeon Crawl Stone Soup version 0.26.1-11-gd32895ea62 (webtiles) character file.

Game seed: 3496845752644318203

254 Borgoz the Skirmisher (level 6, -1/58 HPs)
             Began as a Gargoyle Berserker on July 24, 2021.
             Was a Believer of Trog.
             Slain by a bullfrog (6 damage)
             ... on level 7 of the Dungeon.
             The game lasted 00:03:11 (3806 turns).

Borgoz the Skirmisher (Gargoyle Berserker)          Turns: 3806, Time: 00:03:12

Health: -1/58      AC: 10    Str: 22    XL:     6   Next: 14%
Magic:  6/6        EV: 12    Int:  7    God:    Trog [**....]
Gold:   117        SH:  0    Dex: 10    Spells: 5/5 levels left

rFire    . . .     SeeInvis .   a - +0 mace
rCold    . . .     Faith    .   (no shield)
rNeg     + . .     Spirit   .   k - +0 ring mail
rPois    ∞         Reflect  .   (no helmet)
rElec    +         Harm     .   (no cloak)
rCorr    .         Rampage  .   (no gloves)
Will     ++...                  (no boots)
Stlth    ..........             (no amulet)
HPRegen  1.19/turn              (no ring)
MPRegen  0.10/turn              (no ring)

@: berserking (expiring), regenerating, very quick
A: negative energy resistance 1, electricity resistance, unbreathing,
petrification resistance, miasma immunity, AC +4
a: Renounce Religion, Berserk, Trog's Hand


You were on level 7 of the Dungeon.
You worshipped Trog.
Trog was pleased with you.
You visited 1 branch of the dungeon, and saw 5 of its levels.

You collected 117 gold pieces.

Inventory:

Hand Weapons
 a - a +0 mace (weapon)
Armour
 k - a +0 ring mail (worn)
Wands
 d - a wand of paralysis (11)
 g - a wand of iceblast (10)
Scrolls
 b - a scroll of blinking {unknown}
 c - a scroll of fear {unknown}
 f - a scroll of fog {unknown}
 i - a scroll of noise {unknown}
Potions
 e - a potion of mutation
 h - 3 potions of curing
 j - a potion of heal wounds {unknown}


   Skills:
 + Level 4.6 Fighting
 + Level 4.2 Maces & Flails
 + Level 3.8 Armour
 + Level 2.8 Dodging


You had 5 spell levels left.
You didn't know any spells.
Your spell library was empty.

Dungeon Overview and Level Annotations

Branches:
Dungeon (7/15)
 Temple: D:4-7

Altars:


Innate Abilities, Weirdness & Mutations

You are resistant to torment.
Your stone body is resilient. (AC +4)
You are immune to poison.
You resist negative energy. (rN+)
You are resistant to electric shocks. (rElec)
You can survive without breathing.
You are immune to petrification.
You are immune to miasma.


Message History

* * * LOW HITPOINT WARNING * * *
The bullfrog hits you.
* * * LOW HITPOINT WARNING * * *
Found 10 gold pieces.
There is a stone staircase leading down, spattered with blood here.
Items here: )) [[ †.
You feel a strong urge to attack something.
The bullfrog zombie closely misses you.
The bullfrog hits you but does no damage.
You climb downwards.
Found a rapier.
There is a stone staircase leading up here.
You closely miss the bullfrog. The bullfrog hits you.
* * * LOW HITPOINT WARNING * * *
You closely miss the bullfrog.
The bullfrog hits you but does no damage.
You sock the bullfrog!
The bullfrog is heavily wounded.
The bullfrog hits you.
You die...

.# ##.###
.....# #..)..#
##......#
#######........
...............
#@..# #..F...#
#.##.#.# #. .#
# # .. ###


You could see a bullfrog.

Vanquished Creatures
  A phantom (D:6)
  2 orc wizards
  An orc priest (D:6)
  An adder (D:3)
  An ufetubus (D:6)
  An ooze (D:1)
  2 worms (D:3)
  A leopard gecko (D:3)
  2 orcs (D:2)
  7 goblins
  6 hobgoblins
  7 jackals
  7 bats
  4 frilled lizards
  4 kobolds
  4 rats
51 creatures vanquished.

Notes
Turn   | Place    | Note
-------+----------+-------------------------------------------
     0 | D:1      | Borgoz the Gargoyle Berserker began the quest for the Orb.
     0 | D:1      | Reached XP level 1. HP: 14/14 MP: 1/1
   638 | D:1      | Reached XP level 2. HP: 19/19 MP: 2/2
  1217 | D:1      | Reached XP level 3. HP: 23/23 MP: 3/3
  1707 | D:2      | Reached ** piety under Trog
  2778 | D:3      | Reached XP level 4. HP: 19/29 MP: 4/4
  3542 | D:3      | You fall into a shaft and drop 3 floors!
  3548 | D:6      | Noticed a phantom
  3601 | D:6      | Killed a phantom
  3602 | D:6      | Reached XP level 5. HP: 14/34 MP: 5/5
  3800 | D:6      | Reached XP level 6. HP: 12/39 MP: 6/6
  3801 | D:6      | HP: 1/58 [bullfrog (2)]
  3806 | D:7      | Slain by a bullfrog

Illustrated notes

Levels and vault maps discovered:
D:1:      dpeg_arrival_castle, layout_loops_corners
D:2:      layout_loops_ring
D:3:      wander_river, layout_basic
D:6:      layout_basic, serial_shops, shop, nicolae_tso_besieged_by_evil,
          uniq_duvessa
D:7:      layout_loops_corners, overflow_temple_1_default

Skill      XL: |  1  2  3  4 |
---------------+-------------+-----
Dodging        | 2 |  2.8
Fighting       | 4 |  4.6
Armour         | 3 |  3.8
Maces & Flails | 4 |  4.2

Action                   |  1- 3 |  4- 6 || total
-------------------------+-------+-------++-------
Melee: Mace              |   145 |    89 ||   234
Invok: Berserk           |       |     2 ||     2
       Trog's Hand       |       |     2 ||     2
  Use: Scroll            |     3 |       ||     3
Armor: Animal skin       |    46 |       ||    46
       Ring mail         |     4 |    51 ||    55
Dodge: Dodged            |   119 |    65 ||   184
